 Dungeon Crawl Stone Soup version 0.31.0-12-g77e489cdc1 (webtiles) character file.

Game seed: 17683569740019935048

106362 FexLirch the Warrior (level 16, -13/183 HPs)
             Began as an Oni Gladiator on Feb 9, 2024.
             Was an Elder of Yredelemnul.
             Killed by an exploding bunyip zombie (25 damage)
             ... ignited by their inner flame
             ... on level 4 of the Swamp on Feb 21, 2024.
             The game lasted 03:16:30 (23983 turns).

FexLirch the Warrior (Oni Gladiator)               Turns: 23983, Time: 03:16:30

Health: -13/183    AC: 11    Str: 26    XL:     16   Next: 43%
Magic:  25/25      EV: 11    Int: 11    God:    Yredelemnul [****..]
Gold:   884        SH: 16    Dex: 10    Spells: 13/15 levels left

rFire   x . .        G - +8 trident of the Octopus King {venom, rElec rPois}
rCold   + . .        r - +5 kite shield
rNeg    . . .        X - +0 acid dragon scales
rPois   +            c - +2 hat
rElec   +            (no cloak)
rCorr   +            (gloves unavailable)
SInv    .            (boots unavailable)
Will    +....        Z - amulet of regeneration
Stlth   +            s - +4 ring of slaying
HPRegen 1.30/turn    u - ring of ice
MPRegen 0.19/turn

%: no passive effects
@: studying Dodging
A: large, unfitting armour, horns 1, tough skin 1, double potion healing,
drunken brawling
a: Renounce Religion, Recall Undead Harvest, Dark Bargain, Drain Life


You were on level 4 of the Swamp.
You worshipped Yredelemnul.
Yredelemnul was pleased with you.
You visited 5 branches of the dungeon, and saw 25 of its levels.
You also visited: Ice Cave.

You collected 2564 gold pieces.
You spent 1680 gold pieces at shops.

Inventory:

Hand Weapons
 a - the +11 quarterstaff "Waskir" {freeze, Fly rElec rPois Dex+2}
   (You took it off a kobold demonologist on level 10 of the Dungeon)

   Dex+2:     It affects your dexterity (+2).
   rElec:     It insulates you from electricity.
   rPois:     It protects you from poison Fly: It grants you flight.
 A - a +9 demon trident of flaming
 G - the +8 trident of the Octopus King (weapon) {venom, rElec rPois}
   (You found it on level 5 of the Dungeon)

   rElec:     It insulates you from electricity.
   rPois:     It protects you from poison
Missiles
 d - 2 throwing nets
 e - 13 large rocks (quivered)
 f - 31 poisoned darts
 m - 10 boomerangs
 J - 2 darts of dispersal
 Q - 13 javelins
 R - 2 curare-tipped darts
Armour
 c - a +2 hat (worn)
 r - a +5 kite shield (worn)
 X - +0 acid dragon scales (worn)
Jewellery
 s - a +4 ring of slaying (left hand)
 u - a ring of ice (right hand)
 x - a ring of protection from fire
 C - a ring of see invisible
 E - the ring of Adief {MP+9 Int+6}
   (You found it on level 5 of the Lair of Beasts)

   [ring of intelligence]

   Int+6:     It affects your intelligence (+6).
   MP+9:      It affects your magic capacity (+9).
 L - a ring of wizardry
 S - a +5 ring of evasion
 V - a ring of resist corrosion
 Z - an amulet of regeneration (around neck)
Wands
 g - a wand of digging (4)
 i - a wand of mindburst (21)
 k - a wand of acid (12)
 l - a wand of flame (22)
 W - a wand of charming (30)
 Y - a wand of iceblast (15)
Scrolls
 n - 2 scrolls of fear
 w - 3 scrolls of enchant weapon
 y - 3 scrolls of immolation
 D - 8 scrolls of blinking
 F - 3 scrolls of brand weapon
 H - 2 scrolls of revelation
 I - 4 scrolls of fog
 N - 2 scrolls of torment
 T - 3 scrolls of teleportation
Potions
 b - 3 potions of might
 h - 3 potions of curing
 j - 5 potions of enlightenment
 o - 2 potions of invisibility
 p - 3 potions of berserk rage
 q - 4 potions of ambrosia
 t - a potion of cancellation {unknown}
 v - 4 potions of heal wounds
 z - 3 potions of haste
 B - a potion of magic
 K - a potion of attraction
 M - 3 potions of brilliance
 O - 2 potions of resistance
 U - 4 potions of mutation
Miscellaneous
 P - a phial of floods (inert)


   Skills:
 + Level 17.0 Fighting
 - Level 6.5(12.6) Axes
 + Level 16.7(17.1) Polearms
 + Level 2.7 Throwing
 - Level 8.1 Armour
 + Level 8.1 Dodging
 + Level 11.3 Shields
 + Level 12.4 Invocations


You had 13 spell levels left.
You knew the following spells:

 Your Spells              Type           Power      Damage    Failure   Level
a - Blink                 Tloc           0%         N/A       71%         2

Your spell library contained the following spells:

 Spells                   Type           Power      Damage    Failure   Level
 Kiss of Death            Conj/Necr      0%         2d5       56%         1
 Magic Dart               Conj           0%         1d3       56%         1
 Necrotise                Necr           0%         1d4       56%         1
 Slow                     Hex            0%         N/A       56%         1
 Call Imp                 Summ           0%         N/A       71%         2
 Cigotuvi's Dreadful Rot  Necr/Alch/Air  0%         N/A       71%         2
 Jinxbite                 Hex            0%         N/A       71%         2
 Scorch                   Fire           0%         2d5       71%         2
 Static Discharge         Conj/Air       0%         3-3/arc   71%         2
 Call Canine Familiar     Summ           0%         N/A       90%         3
 Confusing Touch          Hex            0%         N/A       90%         3
 Fugue of the Fallen      Necr           0%         N/A       90%         3
 Hailstorm                Conj/Ice       0%         3d5       90%         3
 Ozocubu's Armour         Ice            0%         N/A       90%         3
 Sigil of Binding         Hex            0%         N/A       90%         3
 Summon Ice Beast         Ice/Summ       0%         N/A       90%         3
 Vampiric Draining        Necr           0%         2d6       90%         3
 Airstrike                Air            0%         2d(0-16)  100%        4
 Dimensional Bullseye     Hex/Tloc       0%         N/A       100%        4
 Dispel Undead            Necr           0%         3d6       100%        4
 Flame Wave               Conj/Fire      0%         2d4       100%        4
 Leda's Liquefaction      Alch/Erth      0%         N/A       100%        4
 Manifold Assault         Tloc           0%         N/A       100%        4
 Martyr's Knell           Necr/Summ      0%         N/A       100%        4
 Summon Lightning Spire   Summ/Air       0%         N/A       100%        4
 Alistair's Intoxication  Alch           0%         N/A       100%        5
 Borgnjor's Vile Clutch   Necr/Erth      0%         N/A       100%        5
 Curse of Agony           Necr           0%         N/A       100%        5
 Lee's Rapid Deconstruct  Erth           0%         3d4*      100%        5
 Yara's Violent Unravell  Hex/Alch       0%         3d3       100%        5
 Bombard                  Conj/Erth      0%         9d1       100%        6
 Conjure Ball Lightning   Conj/Air       0%         3x3d6     100%        6
 Dispersal                Tloc           0%         N/A       100%        6
 Eringya's Noxious Bog    Alch           0%         4d6       100%        6
 Sculpt Simulacrum        Ice/Alch       0%         N/A       100%        6
 Summon Cactus Giant      Summ           0%         N/A       100%        6
 Enfeeble                 Hex            0%         N/A       100%        7
 Discord                  Hex            0%         N/A       100%        8
 Disjunction              Tloc           0%         N/A       100%        8
 Death Channel            Necr           Unusable   N/A       N/A         6

Dungeon Overview and Level Annotations

Branches:
Dungeon (13/15)            Temple (1/1) D:7            Lair (5/5) D:11
  Swamp (4/4) Lair:3       Spider (0/4) Lair:3        Slime (0/5) Lair:4
    Orc (2/2) D:12            Elf (0/3) Orc:2         IceCv (visited)
 Vaults: D:13-14

Altars:
Ashenzari
Cheibriados
Dithmenos
Elyvilon
Fedhas
Gozag
Hepliaklqana
Kikubaaqudgha
Makhleb
Nemelex Xobeh
Okawaru
Qazlal
Ru
Sif Muna
Trog
Uskayaw
Vehumet
Wu Jian
Xom
Yredelemnul
Zin
The Shining One

Shops:
D:9 :   D:10 :   D:11 [=   Orc:1 (   Orc:2 [*!=

Annotations:
Lair:4 1 runed translucent door
Swamp:3 1 exclusion
Swamp:4 1 exclusion


Innate Abilities, Weirdness & Mutations

You are too large for most types of armour.
You have a pair of small horns on your head.
You have tough skin. (AC +1)
You gain doubled healing and magic from potions.
Whenever you drink a healing potion, you attack all around you.


Message History

The mangrove smoulders and burns.
The fiery explosion engulfs the five-headed hydra simulacrum!!!
The five-headed hydra simulacrum melts!
Flame seeps out of the five-headed hydra simulacrum.
The five-headed hydra simulacrum is almost destroyed.
The fiery explosion engulfs the fenstrider witch!!
Flame seeps out of the fenstrider witch.
The fenstrider witch is almost dead.
The fiery explosion engulfs the freezing wraith!!!
The freezing wraith is burned terribly!
The fiery explosion engulfs the swamp drake!!!
The fiery explosion engulfs your tyrant leech zombie!!!
Flame seeps out of your tyrant leech zombie.
Your tyrant leech zombie is almost destroyed.
The fiery explosion engulfs your swamp dragon zombie!!!
The fiery explosion engulfs your five-headed hydra zombie!!!
The fiery explosion engulfs the swamp drake!!
The fiery explosion engulfs the swamp drake skeleton!!
Flame seeps out of the swamp drake skeleton.
The swamp drake skeleton is almost destroyed.
The swamp drake explodes!
The fiery explosion engulfs the five-headed hydra simulacrum!!!
The five-headed hydra simulacrum melts!
The fiery explosion engulfs the swamp drake skeleton!!
The swamp drake skeleton explodes!
The five-headed hydra simulacrum explodes!
The fiery explosion engulfs the fenstrider witch!!!
A black mist starts to gather...
The fenstrider witch explodes!
The fiery explosion engulfs you!!!! The fire burns you terribly!
Ouch! That really hurt!
* * * LOW HITPOINT WARNING * * *
The fiery explosion engulfs your tyrant leech zombie!!!
The fiery explosion engulfs your bunyip zombie!!
The fiery explosion engulfs your spectral fenstrider witch!!!
Your spectral fenstrider witch is moderately damaged.
Your bunyip zombie explodes!
The fiery explosion engulfs you!! The fire burns you terribly!
You die...
Your body rises from the dead as a mindless zombie.

~~~~.♣♣~♣♣
~~~~~~...♣♣♣#
~~~~~~~~.♣♣~♣##
...~~~..~..~..##
..~..♣♣♣~.~...~##
.~♣♣♣♣
♣~~~.♣..~## ♣♣♣
♣♣~..♣♣♣~~#♣
♣♣♣.~ ♣.§§##
~~~~♣♣@..#
..~~♣~§§○##
♣♣♣♣♣♣~§○§§##♣...
♣♣.§§§Z§~...
♣.☼§§§§~...
.§§§○§§.~..
~..~§§§.....
♣♣♣.≈..~~~..~
≈≈~~..♣.~.~


You could see a friendly spectral fenstrider witch.

Vanquished Creatures
  Mara (Swamp:3)
  A fenstrider witch (Swamp:4)
  5 eleionomae
  A dire elephant (Lair:5)
  3 bunyips
  Snorg (D:12)
  Josephine (Lair:3)
  10 hydras
  8 alligators
  Erica (D:8)
  A catoblepas (Lair:4)
  3 death yaks
  4 boulder beetles
  3 two-headed ogres
  An orc high priest (Orc:2)
  Urug (Orc:2)
  Nergalle (D:12)
  2 skysharks
  A goliath frog (Swamp:1)
  A skeletal warrior (D:11)
  A spriggan rider (Swamp:1)
  A spectral anaconda (Lair:5)
  An obsidian statue (Lair:5)
  A swamp dragon (Swamp:4)
  A bog body (Lair:3)
  A bunyip zombie (Swamp:4)
  2 spriggan druids
  Pikel (D:8)
  An orc knight (D:11)
  4 necromancers (Lair:5)
  5 ugly things
  5 orc sorcerers
  2 manticores
  3 cyclopes
  2 will-o-the-wisps
  3 kobold blastminers (Orc:2)
  2 ice statues (IceCv)
  4 black mambas
  10 elephants
  9 cane toads
  Joseph (D:7)
  Maggie (D:8)
  2 kobold demonologists
  8 komodo dragons
  A dire elephant skeleton (Lair:5)
  A freezing wraith (Swamp:4)
  An efreet (D:13)
  3 rime drakes
  An anaconda simulacrum (IceCv)
  2 ice devils (Lair:5)
  A troll (D:7)
  A hydra zombie (Swamp:4)
  2 bloated husks
  6 tyrant leeches
  3 polar bears (Lair:3)
  2 spectral elephants (Lair:5)
  5 hornets
  14 blink frogs
  8 slime creatures
  Sigmund (D:2)
  5 spriggans
  2 culicivoras (Lair:3)
  3 wyverns
  5 wraiths (Lair:3)
  4 shadows
  2 vampires
  31 yaks
  A dire elephant simulacrum (IceCv)
  A tyrant leech zombie (Swamp:4)
  A basilisk (Lair:1)
  A steam dragon (D:7)
  Grum (D:8)
  2 death yak simulacra (IceCv)
  11 vampire mosquitoes
  2 acid dragons
  12 swamp worms
  9 water moccasins
  Duvessa (D:5)
  3 hydra simulacra
  8 black bears
  5 swamp drakes
  2 sky beasts
  14 orc warriors
  A swamp dragon zombie (Swamp:4)
  3 elephant skeletons (Lair:5)
  7 centaurs
  An ogre (Orc:1)
  12 wolves
  3 lemures (D:8)
  A kobold brigand (D:11)
  3 necrophages (Swamp:2)
  15 bullfrogs
  A cane toad simulacrum (IceCv)
  3 scorpions
  A burial acolyte (D:6)
  10 wights
  Dowan (D:5)
  7 killer bees
  3 elephant simulacra
  6 howler monkeys
  4 hounds (D:5)
  18 orc priests
  2 jellies
  A gnoll bouda (D:6)
  An iguana (D:7)
  Natasha (thrice) (D:2)
  39 orc wizards
  A sleepcap (D:7)
  A wolf simulacrum (IceCv)
  3 hound zombies (D:6)
  Robin (D:2)
  7 adders
  17 gnolls
  A swamp drake skeleton (Swamp:4)
  4 shadow imps
  A white imp (D:8)
  4 ufetubi (D:6)
  4 ribbon worms
  3 dart slugs
  44 orcs
  9 bats
  2 endoplasms
  19 goblins
  7 hobgoblins
  11 jackals
  6 quokkas
  6 ball pythons
  4 frilled lizards
  3 gnoll zombies (D:6)
  7 kobolds
  6 rats
616 creatures vanquished.

Vanquished Creatures (collateral kills)
  A ghoul (Swamp:2)
  An eleionoma (Swamp:3)
  A dire elephant (Lair:5)
  A hydra (Swamp:3)
  A catoblepas (Lair:4)
  3 alligators (Swamp:2)
  2 death yaks (Lair:5)
  An orc high priest (Orc:2)
  A skyshark (Lair:5)
  A goliath frog (Swamp:2)
  A swamp dragon (Swamp:4)
  2 orc sorcerers (Orc:2)
  A manticore (D:10)
  An ice statue (IceCv)
  A kobold blastminer (Orc:2)
  2 komodo dragons
  2 trolls
  2 hornets
  3 tyrant leeches
  4 blink frogs
  2 slime creatures (D:13)
  A spriggan (Swamp:2)
  10 yaks
  A wyvern (Lair:3)
  A basilisk (Lair:5)
  A vampire mosquito (Swamp:2)
  A death yak simulacrum (Lair:5)
  4 swamp worms
  A hydra simulacrum (Swamp:4)
  2 water moccasins
  5 orc warriors
  A swamp drake (Swamp:4)
  A black bear (D:8)
  An ogre (Orc:2)
  A wolf (Lair:1)
  A kobold brigand (D:11)
  2 bullfrogs
  A necrophage (Swamp:2)
  2 wights (D:7)
  A scorpion (D:5)
  2 killer bees (D:10)
  2 bombardier beetles
  4 orc priests
  A hound (D:7)
  A sleepcap (D:7)
  7 orc wizards (Orc:2)
  A shadow imp (D:6)
  A white imp (D:6)
  8 orcs
  A gnoll zombie (D:6)
  2 kobolds (D:11)
102 creatures vanquished.

Vanquished Creatures (others)
  A spectral alligator (Swamp:2)
  An ugly thing zombie (IceCv)
  2 alligator zombies
  An eleionoma zombie (Swamp:2)
  A swamp worm zombie (Swamp:2)
  2 hydra zombies (Swamp:2)
  3 bloated husks
  A spectral polar bear (Lair:5)
  A black mamba zombie (Lair:5)
  A tyrant leech zombie (Swamp:3)
  A spectral ogre (Orc:2)
  A two-headed ogre zombie (D:11)
  2 cane toad zombies
  A blink frog zombie (Lair:5)
  A rime drake zombie (Lair:5)
  A komodo dragon zombie (Lair:5)
  2 wyvern zombies
  2 water moccasin zombies
  3 yak zombies
  A troll zombie (D:7)
  A spriggan zombie (Swamp:3)
  2 bullfrog zombies
  2 centaur zombies
  A kobold zombie (D:11)
  2 scorpion zombies
  An orc wizard (Orc:2)
  2 killer bee zombies (D:10)
  2 sky beast zombies
  A spectral howler monkey (D:11)
  3 human zombies
  A steam dragon zombie (D:7)
  A swamp drake zombie (Swamp:1)
  A jelly zombie (D:7)
  A dart slug zombie (D:5)
  3 gnoll zombies
  A jackal zombie (D:5)
  38 orc zombies
  A spectral ufetubus (D:6)
  10 foxfires
103 creatures vanquished.

Grand Total: 821 creatures vanquished

Notes
Turn   | Place    | Note
-------+----------+-------------------------------------------
     0 | D:1      | FexLirch the Oni Gladiator began the quest for the Orb.
     0 | D:1      | Reached XP level 1. HP: 22/22 MP: 1/1
   154 | D:1      | Reached skill level 3 in Fighting
   154 | D:1      | Reached XP level 2. HP: 28/31 MP: 2/2
   428 | D:1      | Reached XP level 3. HP: 32/37 MP: 3/3
  1104 | D:2      | Reached XP level 4. HP: 48/48 MP: 4/4
  1180 | D:2      | Noticed Natasha
  1186 | D:2      | Killed Natasha
  1251 | D:2      | Noticed Natasha
  1259 | D:2      | Killed Natasha
  1260 | D:2      | Reached skill level 4 in Fighting
  1260 | D:2      | Reached XP level 5. HP: 39/54 MP: 5/5
  1396 | D:2      | Found a faded altar of an unknown god.
  2111 | D:2      | Noticed Sigmund
  2117 | D:2      | Killed Sigmund
  2118 | D:2      | Reached skill level 5 in Axes
  2118 | D:2      | Reached XP level 6. HP: 65/65 MP: 6/6
  2237 | D:2      | Noticed Robin
  2305 | D:2      | Killed Robin
  2319 | D:2      | Noticed Natasha
  2326 | D:2      | Killed Natasha
  2327 | D:2      | Reached skill level 5 in Fighting
  3630 | D:4      | Reached XP level 7. HP: 70/72 MP: 7/7
  3850 | D:4      | Learned a level 2 spell: Blink
  3966 | D:3      | Found a basalt altar of Yredelemnul.
  3986 | D:3      | Found an ornate altar of the Wu Jian Council.
  3992 | D:3      | Upgraded the game from 0.31.0-11-ge490571c62 to
                  | 0.31.0-12-g77e489cdc1
  3998 | D:3      | Became a worshipper of Yredelemnul the Dark
  4630 | D:5      | Entered Level 5 of the Dungeon
  4666 | D:5      | Reached * piety under Yredelemnul
  4765 | D:5      | Noticed Dowan
  4765 | D:5      | Found the +8 trident of the Octopus King {venom, rElec
                  | rPois}
  4790 | D:5      | Killed Dowan
  4791 | D:5      | Reached skill level 6 in Fighting
  4820 | D:5      | Noticed Duvessa
  4879 | D:5      | Killed Duvessa
  4880 | D:5      | Reached skill level 1 in Polearms
  5131 | D:5      | Reached skill level 1 in Shields
  5131 | D:5      | Reached XP level 8. HP: 55/84 MP: 8/8
  5707 | D:5      | Reached skill level 7 in Fighting
  5832 | D:5      | Reached ** piety under Yredelemnul
  6066 | D:6      | Found an ancient bone altar of Kikubaaqudgha.
  6087 | D:6      | Reached skill level 5 in Polearms
  6087 | D:6      | Reached XP level 9. HP: 90/94 MP: 9/9
  6121 | D:6      | Reached skill level 8 in Fighting
  6782 | D:6      | Reached *** piety under Yredelemnul
  7033 | D:7      | Found a staircase to the Ecumenical Temple.
  7041 | Temple   | Entered the Ecumenical Temple
  7175 | D:7      | Reached skill level 9 in Fighting
  7176 | D:7      | Found a stormy altar of Qazlal.
  7217 | D:7      | Noticed a boulder beetle
  7217 | D:7      | Noticed a troll
  7227 | D:7      | Found a white marble altar of Elyvilon.
  7230 | D:7      | Found an ornate altar of the Wu Jian Council.
  7230 | D:7      | Found a shimmering blue altar of Sif Muna.
  7230 | D:7      | Found a blossoming altar of Fedhas.
  7438 | D:8      | Reached XP level 10. HP: 107/107 MP: 10/10
  7449 | D:8      | Noticed Grum
  7452 | D:8      | Noticed Pikel
  7461 | D:7      | Reached skill level 5 in Shields
  7488 | D:7      | Killed a boulder beetle
  7489 | D:7      | Reached skill level 10 in Fighting
  7630 | D:7      | Identified the +10 rapier of the Abyss {flame, rC+ Dex+4}
  7694 | D:7      | Identified the +7 dagger of Ydeqifez {vamp, rPois MP+9
                  | Dex-5 SInv}
  7699 | D:7      | Identified the +3 flail of Causality {venom, rF+ Dex+2}
  7726 | D:7      | Noticed Joseph
  7784 | D:7      | Killed Joseph
  7785 | D:7      | Reached skill level 1 in Invocations
  7891 | D:7      | Noticed an unseen horror
  8006 | D:8      | Killed Grum
  8113 | D:8      | Your ally Grum died
  8265 | D:8      | Noticed Maggie
  8337 | D:8      | Killed Pikel
  8338 | D:8      | Reached XP level 11. HP: 119/119 MP: 12/12
  8368 | D:8      | Reached skill level 11 in Fighting
  8401 | D:8      | Noticed Erica
  8413 | D:8      | Killed Erica
  8414 | D:8      | Reached skill level 10 in Polearms
  8754 | D:8      | Killed Maggie
  8915 | D:9      | Found Gief's Self-Improvement Boutique.
  9710 | D:10     | Entered Level 10 of the Dungeon
  9727 | D:9      | Reached skill level 1 in Armour
 10087 | D:10     | Noticed a manticore
 10093 | D:10     | Killed a manticore
 10138 | D:10     | Found Guroc's Tiny Tomes.
 10463 | D:10     | Identified the +11 quarterstaff "Waskir" {freeze, Fly rElec
                  | rPois Dex+2}
 10531 | D:10     | Reached skill level 5 in Invocations
 10570 | D:10     | Reached **** piety under Yredelemnul
 10575 | D:10     | Reached ***** piety under Yredelemnul
 10580 | D:10     | Reached skill level 12 in Fighting
 10877 | D:11     | Reached XP level 12. HP: 114/132 MP: 14/16
 11036 | D:11     | Found Niom Wim's Jewellery Shoppe.
 11044 | D:11     | Found Ameguma's Antique Armour Shop.
 11065 | D:11     | Noticed a two-headed ogre
 11071 | D:11     | Killed a two-headed ogre
 11412 | D:11     | Noticed a two-headed ogre
 11418 | D:11     | Killed a two-headed ogre
 11422 | D:11     | Noticed a boulder beetle
 11442 | D:11     | Killed a boulder beetle
 11731 | D:11     | Found a staircase to the Lair.
 12216 | D:12     | Noticed Snorg
 12239 | D:12     | Noticed Nergalle
 12255 | D:12     | Killed Snorg
 12261 | D:12     | Killed Nergalle
 12262 | D:12     | Reached skill level 13 in Fighting
 12281 | D:12     | Noticed a two-headed ogre
 12385 | D:12     | Killed a two-headed ogre
 12411 | D:12     | Found a snail-covered altar of Cheibriados.
 12425 | D:12     | Noticed a boulder beetle
 12474 | D:12     | Reached XP level 13. HP: 76/144 MP: 18/18
 12547 | D:12     | Reached skill level 5 in Armour
 12554 | D:12     | Reached ****** piety under Yredelemnul
 13011 | D:12     | Found a staircase to the Orcish Mines.
 13942 | Lair:1   | Entered Level 1 of the Lair of Beasts
 15124 | Lair:3   | Reached skill level 14 in Fighting
 15320 | Lair:3   | Noticed Josephine
 15334 | Lair:3   | Killed Josephine
 15420 | Lair:3   | Found a staircase to the Swamp.
 15625 | Lair:3   | Reached XP level 14. HP: 137/156 MP: 20/20
 16168 | Lair:3   | Found a hole to the Spider Nest.
 16372 | Lair:4   | Found a stormy altar of Qazlal.
 16548 | Lair:4   | Found a runed translucent door.
 16577 | Lair:4   | Found a staircase to the Slime Pits.
 17382 | Lair:5   | Entered Level 5 of the Lair of Beasts
 17884 | Lair:5   | Reached skill level 15 in Fighting
 17898 | Lair:5   | Found a frozen archway.
 17920 | IceCv    | Entered an ice cave
 17927 | IceCv    | Reached skill level 15 in Polearms
 17961 | IceCv    | Reached skill level 10 in Invocations
 17978 | IceCv    | Identified the +2 helmet of the Nexus {Dex+3}
 18182 | IceCv    | Identified the +6 falchion "Rerynkube" {drain, ^Contam
                  | rPois Str+3}
 18444 | Lair:5   | Found a shimmering blue altar of Sif Muna.
 18569 | Lair:5   | Noticed a dire elephant
 18569 | Lair:5   | Noticed a dire elephant
 18570 | Lair:5   | Noticed a dire elephant
 18643 | Lair:5   | Reached skill level 10 in Shields
 18665 | Lair:5   | Reached XP level 15. HP: 131/167 MP: 22/22
 18686 | Lair:5   | Identified the ring of Adief {MP+9 Int+6}
 19185 | Orc:1    | Entered Level 1 of the Orcish Mines
 19201 | Orc:1    | Found Sumidew's Weapon Emporium.
 19636 | Orc:2    | Entered Level 2 of the Orcish Mines
 19813 | Orc:2    | Found Zifrot's Distillery.
 19813 | Orc:2    | Found Effocw's Jewellery Shop.
 19813 | Orc:2    | Found Agusta's Assorted Antiques.
 19822 | Orc:2    | Found Burr's Antique Armour Boutique.
 19854 | Orc:2    | Bought 2 potions of berserk rage for 140 gold pieces
 19854 | Orc:2    | Bought a potion of invisibility for 112 gold pieces
 19876 | Orc:2    | Noticed Erolcha
 19899 | Orc:2    | Killed Erolcha
 19899 | Orc:2    | Charmed Erolcha
 19981 | Orc:2    | Found a staircase to the Elven Halls.
 20093 | Orc:2    | Found a shimmering altar of Xom.
 20095 | Orc:2    | Noticed Urug
 20106 | Orc:2    | Your ally Erolcha died
 20108 | Orc:2    | Killed Urug
 20603 | D:9      | Bought a manual of Dodging for 960 gold pieces
 20786 | Orc:2    | Bought a +5 ring of evasion for 468 gold pieces
 20939 | Swamp:1  | Entered Level 1 of the Swamp
 21042 | Swamp:1  | Identified the +4 scimitar "Beruizeziu" {flame, +Blink
                  | rPois rC- rCorr}
 21120 | Swamp:1  | Reached skill level 5 in Dodging
 21136 | Swamp:1  | Reached skill level 16 in Fighting
 21645 | Swamp:2  | Noticed a ghoul
 21983 | Swamp:3  | Noticed Mara
 21989 | Swamp:3  | Noticed FexLirch's illusion
 22424 | Swamp:2  | Reached XP level 16. HP: 91/180 MP: 24/24
 22586 | Swamp:2  | Identified the +2 leather armour of Xaafrom {Stlth+}
 22969 | Swamp:3  | Noticed FexLirch's illusion
 22986 | Swamp:3  | Noticed FexLirch's illusion
 23217 | Swamp:3  | Noticed FexLirch's illusion
 23298 | Swamp:3  | Killed Mara
 23857 | Swamp:4  | Entered Level 4 of the Swamp
 23975 | Swamp:4  | Reached skill level 17 in Fighting
 23978 | Swamp:4  | Noticed a fenstrider witch
 23983 | Swamp:4  | Killed a fenstrider witch
 23983 | Swamp:4  | Killed by an exploding bunyip zombie... ignited by their
                  | inner flame

Illustrated notes

Levels and vault maps discovered:
D:1:      minmay_arrival_solitary_statue, layout_loops_ring,
          kennysheep_pointless_box, minmay_pentomino_p2
D:2:      layout_loops_cross, shapermc_ecumenical_altar_mp_urbaneastern,
          uniq_sigmund, uniq_robin, uniq_natasha
D:3:      layout_basic, mainiacjoe_overflow_swirl
D:4:      nicolae_BIG_FREAKIN_CUBE, layout_basic
D:5:      layout_basic, cheibrodos_gnoll_hut, uniq_duvessa
D:6:      layout_cave_pods, regret_index_kikubaaqudgha_part_by_part
D:7:      minmay_the_grid_octo_2x2 [minmay_the_grid_octo_clover_2,
          minmay_the_grid_octo_empty, minmay_the_grid_octo_shrine,
          minmay_the_grid_octo_prize_star], layout_rooms,
          nicolae_qazlal_beasts_of_the_sky, minmay_temple_entry_overgrown,
          lemuel_flamethrower_1, uniq_joseph
D:8:      layout_basic, kennysheep_generic_room_15, uniq_pikel, uniq_erica,
          uniq_grum, uniq_maggie
D:9:      layout_big_octagon, nicolae_shop_self_help
D:10:     layout_roguey, nicolae_shop_i_like_small_books_too
D:11:     layout_rooms, david_lair_shrubbed, serial_shops, nicolae_shop_stone,
          nicolae_take_the_stairs, minmay_increasing_density
D:12:     layout_loops_ring, minmay_orc_entry_temple_small, slow_altar_1,
          uniq_nergalle, uniq_snorg
D:13:     layout_rooms
Temple:   eino_narrow_crystal_temple
Lair:1:   layout_misc_corridors, grunt_megastairs_5
Lair:2:   layout_hall_layers, serial_bayou_pond_a, dreamdust_mushroom_princess,
          grunt_megastairs_4
Lair:3:   beast_lair_carwin_large_3, layout_hall_layers,
          mainiacjoe_swamp_entry_lozenge_pond, spider_nest_entry_funnel_web,
          uniq_josephine
Lair:4:   layout_hall_layers, slime_entry_2, basic_altar, minivault_24
Lair:5:   due_jungle_book, layout_regular_city, basic_altar,
          portal_ice_cave_demonic_guard, serial_bayou_lagoon_a,
          chequers_serial_rivers_small_b, chequers_serial_rivers_small_3
Swamp:1:  layout_basic_swamp, evilmike_swamp_ruin_house_1,
          infiniplex_staircase_pool
Swamp:2:  layout_basic_swamp, nicolae_swamp_very_dense_foliage, swamp_pool_5
Swamp:3:  layout_basic_swamp, serial_swamp_ruin, evilmike_swamp_ruin_rubble_1,
          hangedman_swamp_ruin_wall, swamp_pool_1_2, uniq_mara
Swamp:4:  byrel_swamp_growth_death_and_undeath, layout_basic_swamp,
          swamp_pool_3, nicolae_swamp_tree_isthmus
Orc:1:    layout_diamond_mine, serial_shops, nicolae_shop_hallway_plus,
          regret_index_minedec_guest_junction
Orc:2:    st_orc_mages, layout_caves, basic_altar, uniq_erolcha, uniq_urug

Skill      XL: |  1  2  3  4  5  6  7  8  9 10 11 12 13 14 15 16 |
---------------+-------------------------------------------------+-----
Fighting       | 3 4 5 6 7 9 10 12 13 14 15 16 17 | 17.0
Dodging        | 3 4 6 8 |  8.1
Axes           | 4 5 6 |  6.5
Polearms       | 2 5 7 9 11 12 14 15 16 | 16.7
Shields        | 1 3 4 6 7 8 9 10 11 | 11.3
Invocations    | 2 5 7 9 10 11 12 | 12.4
Armour         | 2 4 6 7 8 |  8.1
Throwing       | |  2.7

Action                     |  1- 3 |  4- 6 |  7- 9 | 10-12 | 13-15 | 16-18 || total
---------------------------+-------+-------+-------+-------+-------+-------++-------
  Melee: War axe           |    99 |   110 |    24 |       |       |       ||   233
         Headbutt          |    11 |    14 |    21 |    55 |   223 |    26 ||   350
         Punch             |     1 |     1 |       |       |       |       ||     2
         Trident           |       |       |   182 |   411 |  1044 |   114 ||  1751
         Demon trident     |       |       |       |       |       |    24 ||    24
  Throw: Boomerang         |       |     4 |       |       |    15 |     4 ||    23
         Throwing net      |       |     2 |       |     1 |       |       ||     3
         Dart              |       |     6 |     6 |     6 |     5 |     2 ||    25
         Stone             |       |     4 |     1 |       |       |       ||     5
         Large rock        |       |       |       |       |       |     7 ||     7
   Cast: Blink             |       |       |     1 |       |       |       ||     1
 Invoke: Dark Bargain      |       |       |       |     2 |       |     1 ||     3
         Bind Soul         |       |       |       |     1 |     4 |       ||     5
         Recall Undead Har |       |       |       |       |    13 |       ||    13
         Drain Life        |       |       |       |       |     2 |       ||     2
  Evoke: Wand              |       |       |       |     7 |     3 |     2 ||    12
         Phial of floods   |       |       |       |       |     1 |       ||     1
    Use: Scroll            |       |     1 |     9 |    11 |    16 |     9 ||    46
         Potion            |       |       |     2 |     2 |     2 |     3 ||     9
   Stab: Sleeping          |     1 |       |       |       |       |       ||     1
         Distracted        |       |       |       |     3 |    12 |     1 ||    16
 Armour: Robe              |    80 |    68 |   100 |    46 |       |       ||   294
         Acid dragon scale |       |       |       |   120 |   472 |    94 ||   686
  Dodge: Dodged            |    63 |    62 |    46 |    86 |   181 |    41 ||   479
  Block: Kite shield       |       |       |    23 |   113 |   316 |    74 ||   526
         Form:             |       |     1 |       |       |       |       ||     1
         Death             |       |     1 |       |       |       |       ||     1
